 Dungeon Crawl Stone Soup version 0.30.1-11-g7821555f0a (webtiles) character file.

Game seed: 10542121859133266104

2028 groovy9 the Cleaver (level 9, -1/79 HPs)
             Began as a Minotaur Berserker on Jan 13, 2024.
             Was a Believer of Trog.
             Killed from afar by a steam dragon (5 damage)
             ... with a ball of steam
             ... on level 7 of the Dungeon.
             The game lasted 00:11:46 (4369 turns).

groovy9 the Cleaver (Minotaur Berserker)            Turns: 4369, Time: 00:11:47

Health: -1/79      AC: 12    Str: 26    XL:     9   Next: 3%
Magic:  8/8        EV: 10    Int:  4    God:    Trog [**....]
Gold:   235        SH:  0    Dex: 10    Spells: 8/8 levels left

rFire   . . .        m - +1 hand axe (freeze)
rCold   . . .        (no shield)
rNeg    . . .        o - +0 chain mail
rPois   .            (helmet restricted)
rElec   .            (no cloak)
rCorr   .            (no gloves)
SInv    .            h - +1 pair of boots
Will    .....        (no amulet) Stlth
                     (no ring)
HPRegen 0.33/turn    (no ring)
MPRegen 0.11/turn

%: no passive effects
@: on berserk cooldown
A: horns 2, retaliatory headbutt
a: Renounce Religion, Berserk, Trog's Hand


You were on level 7 of the Dungeon.
You worshipped Trog.
Trog was pleased with you.
You visited 1 branch of the dungeon, and saw 7 of its levels.

You collected 259 gold pieces.
You spent 24 gold pieces at shops.

Inventory:

Hand Weapons
 m - a +1 hand axe of freezing (weapon)
Armour
 h - a +1 pair of boots (worn)
 o - a +0 chain mail (worn)
Wands
 n - a wand of mindburst (10)
Scrolls
 b - a scroll of amnesia {unknown}
 c - 3 scrolls of fog
 e - 5 scrolls of teleportation
 f - 2 scrolls of fear
 l - 2 scrolls of brand weapon
 q - a scroll of acquirement {unknown}
 s - a scroll of poison {unknown}
 t - a scroll of blinking {unknown}
 u - a scroll of immolation {unknown}
 v - a scroll of enchant weapon {unknown}
Potions
 a - 2 potions of attraction {unknown}
 d - 3 potions of degeneration
 g - 2 potions of berserk rage {unknown}
 i - a potion of might {unknown}
 j - a potion of resistance {unknown}
 k - 4 potions of curing
 p - 4 potions of lignification
 r - 4 potions of flight {unknown}


   Skills:
 + Level 7.2 Fighting
 * Level 9.7 Axes
 + Level 6.7 Armour
 + Level 6.1 Dodging


You had 8 spell levels left.
You didn't know any spells.
Your spell library contained the following spells:

 Spells                   Type           Power      Damage    Failure   Level
 Summon Guardian Golem    Hex/Summ       0%         N/A       100%        3
 Orb of Destruction       Conj           0%         9d5       100%        7
 Spellforged Servitor     Conj/Summ      0%         N/A       100%        7


Dungeon Overview and Level Annotations

Branches:
Dungeon (7/15)             Temple (0/1) D:4

Altars:
Okawaru
Sif Muna
Xom
The Shining One

Shops:
D:2 *


Innate Abilities, Weirdness & Mutations

You have a pair of horns on your head.
You reflexively headbutt those who attack you in melee.


Message History

You hit the orc. You freeze the orc. Your headbutt misses the orc.
The orc is severely wounded.
You closely miss the steam dragon. The steam dragon bites you.
The steam dragon claws you but does no damage.
The orc is engulfed in a cloud of scalding steam.
The orc dies!
You barely miss the steam dragon.
You headbutt the steam dragon, but do no damage.
The steam dragon is moderately wounded.
The steam dragon bites you.
The steam dragon claws you but does no damage.
You hit the steam dragon. You freeze the steam dragon.
The steam dragon is heavily wounded.
The steam dragon breathes steam at you. The ball of steam hits you!!
* * * LOW HITPOINT WARNING * * *
You hit the steam dragon but do no damage.
You headbutt the steam dragon!
The steam dragon is almost dead.
You are engulfed in a cloud of scalding steam.
* * * LOW HITPOINT WARNING * * *
You feel yourself speed up.
The steam dragon bites you but does no damage.
The steam dragon claws you but does no damage.
The steam dragon bites you but does no damage.
The steam dragon claws you but does no damage.
You hit the steam dragon but do no damage.
You headbutt the steam dragon.
The steam dragon is almost dead.
You are engulfed in a cloud of scalding steam.
* * * LOW HITPOINT WARNING * * *
You closely miss the steam dragon.
The steam dragon is almost dead.
The steam dragon bites you but does no damage.
The steam dragon claws you but does no damage.
You hit the steam dragon. You freeze the steam dragon.
The steam dragon is almost dead.
The steam dragon breathes steam at you. The ball of steam hits you.
You die...

..#.....#...#...#
..##............
...............#####
.)............[#...
))...............#
))##.........#...# ####
...##...#........##.....
>..###.>.......)))......
...###.....###.#@D......
.......#..## #.###.<....
..#........# #.# .....
..#######..# #.# ....
#.# ##.. #.# ... .#
..##.# .. .# ..##.# . .#
..? #


You could see a steam dragon (catching breath).

Vanquished Creatures
  5 water moccasins
  An ice beast (D:7)
  An ogre (D:4)
  2 phantoms (D:6)
  2 gnoll sergeants (D:7)
  2 wyvern zombies (D:6)
  2 howler monkeys
  A bullfrog zombie (D:6)
  2 hounds (D:5)
  3 jellies
  A centaur zombie (D:6)
  2 orc priests (D:6)
  A bullfrog skeleton (D:6)
  2 centaur skeletons (D:6)
  3 sleepcaps
  2 iguanas
  4 orc wizards
  11 gnolls
  6 adders
  A shadow imp (D:7)
  A white imp (D:6)
  2 worms
  2 dart slugs
  12 orcs
  8 bats
  6 endoplasms
  A giant cockroach (D:3)
  7 hobgoblins
  4 jackals
  4 kobolds
  5 quokkas
  8 ball pythons
  5 frilled lizards
  3 goblins
  9 rats
131 creatures vanquished.

Vanquished Creatures (others)
  3 orcs (D:7)
3 creatures vanquished.

Grand Total: 134 creatures vanquished

Notes
Turn   | Place    | Note
-------+----------+-------------------------------------------
     0 | D:1      | groovy9 the Minotaur Berserker began the quest for the Orb.
     0 | D:1      | Reached XP level 1. HP: 19/19 MP: 0/0
   201 | D:1      | Reached XP level 2. HP: 27/27 MP: 1/1
   206 | D:1      | Reached skill level 4 in Axes
   306 | D:1      | Found a faded altar of an unknown god.
   693 | D:2      | Reached XP level 3. HP: 30/33 MP: 2/2
  1101 | D:2      | Reached ** piety under Trog
  1134 | D:2      | Reached XP level 4. HP: 37/40 MP: 3/3
  1195 | D:2      | Found Veodah's General Store.
  1203 | D:2      | Bought a scroll of identify for 24 gold pieces
  1279 | D:2      | Found an iron altar of Okawaru.
  1695 | D:3      | You fall into a shaft and drop 1 floor!
  1758 | D:3      | Found a glowing golden altar of the Shining One.
  1767 | D:3      | Found a shimmering altar of Xom.
  1929 | D:3      | Reached skill level 5 in Axes
  2346 | D:4      | Noticed a water moccasin
  2352 | D:4      | Killed a water moccasin
  2353 | D:4      | Reached XP level 5. HP: 47/47 MP: 4/4
  2401 | D:4      | Found a staircase to the Ecumenical Temple.
  2430 | D:4      | Noticed a water moccasin
  2436 | D:4      | Killed a water moccasin
  2437 | D:4      | Reached skill level 5 in Fighting
  2437 | D:4      | Reached skill level 6 in Axes
  2437 | D:4      | Reached XP level 6. HP: 56/56 MP: 5/5
  3076 | D:4      | Found a shimmering blue altar of Sif Muna.
  3162 | D:5      | Entered Level 5 of the Dungeon
  3180 | D:5      | Reached XP level 7. HP: 47/61 MP: 6/6
  3291 | D:5      | Reached skill level 7 in Axes
  3539 | D:5      | Reached skill level 5 in Armour
  3880 | D:6      | Reached skill level 5 in Dodging
  3880 | D:6      | Reached XP level 8. HP: 67/70 MP: 7/7
  3883 | D:6      | Reached skill level 8 in Axes
  4074 | D:6      | Reached skill level 9 in Axes
  4333 | D:7      | Reached XP level 9. HP: 79/79 MP: 8/8
  4367 | D:7      | HP: 3/79 [steam dragon] (7)]
  4369 | D:7      | Killed from afar by a steam dragon

Illustrated notes

Levels and vault maps discovered:
D:1:      amcnicky_arrival_double_pillar, layout_basic,
          ebering_ecumenical_altar_petrified
D:2:      layout_loops_corners, basic_altar, serial_shops, shop
D:3:      layout_basic, mainiacjoe_overflow_large_starburst, serial_glass,
          glass_columns_b, glass_columns_c, minmay_fractal_squares_gapless_5
D:4:      layout_loops_ring, nicolae_sif_muna_little_library,
          minmay_temple_entry_glass, serial_rivers,
          chequers_serial_rivers_marsh, chequers_serial_rivers_large_b,
          chequers_serial_rivers_room_a, chequers_serial_rivers_micro_c,
          chequers_serial_rivers_room_a
D:5:      layout_cave_pools
D:6:      layout_basic, serial_undead, serial_undead_d, serial_undead_a,
          serial_undead_a, serial_undead_c, serial_undead_b, serial_undead_f
D:7:      layout_rooms, enter_bailey_6, nrook_pool_corridor

Skill      XL: |  1  2  3  4  5  6  7  8 |
---------------+-------------------------+-----
Axes           | 4 5 6 7 9 |  9.7
Fighting       | 4 5 6 7 |  7.2
Armour         | 3 4 5 6 |  6.7
Dodging        | 3 4 5 6 |  6.1

Action                     |  1- 3 |  4- 6 |  7- 9 || total
---------------------------+-------+-------+-------++-------
  Melee: Hand axe          |    87 |    82 |   144 ||   313
         Headbutt          |     8 |    13 |    33 ||    54
         Punch             |       |     2 |       ||     2
 Invoke: Berserk           |     1 |     2 |     5 ||     8
         Trog's Hand       |       |     1 |     4 ||     5
    Use: Scroll            |       |     3 |     4 ||     7
   Stab: Sleeping          |     2 |       |       ||     2
 Armour: Animal skin       |    13 |       |       ||    13
         Leather armour    |     4 |     3 |       ||     7
         Chain mail        |       |    26 |    67 ||    93
  Dodge: Dodged            |    53 |    34 |    53 ||   140
